| TOP OF THE 1ST |
|
Syracuse Chiefs batting - Pitching for Tidewater Tides : RHP Mike Boddicker
|
|
Pitching: RHP Mike Boddicker
|
|
|
Batting: SHB Larry Lintz
|
0-0: Called Strike 0-1: Ball 1-1: Ball 2-1: Ground out 6-3 (Groundball, 6, EV 102.5 MPH)
|
|
Batting: RHB Phil Garner
|
0-0: Ball 1-0: Ball 2-0: Ball 3-0: Base on Balls
|
|
Batting: LHB Steve Stroughter
|
0-0: Ball 1-0: Called Strike 1-1: Called Strike 1-2: Fly out, F5 (Popup, 5S, EV 89.4 MPH)
|
|
Batting: RHB Jim G Wilson
|
0-0: Ball 1-0: Ground out 6-3 (Groundball, 4MS, EV 92.5 MPH)
|
| Top of the 1st over - 0 runs, 0 hits, 0 errors, 1 left on base; Syracuse 0 - Tidewater 0 |
| BOTTOM OF THE 1ST |
|
Tidewater Tides batting - Pitching for Syracuse Chiefs : RHP Gary Gentry
|
|
Pitching: RHP Gary Gentry
|
|
|
Batting: RHB Anthony Lachowetz
|
0-0: Swinging Strike 0-1: Ball 1-1: Ball 2-1: Foul Ball, location: 2F 2-2: Foul Ball, location: 2F 2-2: Strikes out swinging
|
|
Batting: RHB German Rivera
|
0-0: Swinging Strike 0-1: Foul Ball, location: 2F 0-2: Ground out 6-3 (Groundball, 6, EV 106.3 MPH)
|
|
Batting: RHB Brad Komminsk
|
0-0: Ball 1-0: Ball 2-0: Ball 3-0: Called Strike 3-1: Foul Ball, location: 2F 3-2: Fly out, F8 (Flyball, 8RM, EV 88.1 MPH)
|
| Bottom of the 1st over - 0 runs, 0 hits, 0 errors, 0 left on base; Syracuse 0 - Tidewater 0 |
| TOP OF THE 2ND |
|
Syracuse Chiefs batting - Pitching for Tidewater Tides : RHP Mike Boddicker
|
|
Batting: LHB Darryl Strawberry
|
0-0: Ball 1-0: Foul Ball, location: 2F 1-1: Swinging Strike 1-2: Ball 2-2: Ball 3-2: Ground out 5-3 (Groundball, 56, EV 79.4 MPH)
|
|
Batting: RHB Bobby Grich
|
0-0: Foul Ball, location: 2F 0-1: Ball 1-1: Foul Ball, location: 2F 1-2: Ground out 4-3 (Groundball, 4, EV 106.9 MPH)
|
|
Batting: RHB Chris Speier
|
0-0: Ball 1-0: Ground out 6-3 (Groundball, 6, EV 85.6 MPH)
|
| Top of the 2nd over - 0 runs, 0 hits, 0 errors, 0 left on base; Syracuse 0 - Tidewater 0 |
| BOTTOM OF THE 2ND |
|
Tidewater Tides batting - Pitching for Syracuse Chiefs : RHP Gary Gentry
|
|
Batting: LHB Dave Kable
|
0-0: Called Strike 0-1: Ball 1-1: Swinging Strike 1-2: Ball 2-2: Strikes out swinging
|
|
Batting: RHB Mike Rex
|
0-0: Ball 1-0: Ball 2-0: Ball 3-0: Foul Ball, location: 2F 3-1: Foul Ball, location: 2F 3-2: Fly out, F7 (Line Drive, 7, EV 93.1 MPH)
|
|
Batting: RHB George Gomez
|
0-0: Ground out 5-3 (Groundball, 56, EV 106.9 MPH)
|
| Bottom of the 2nd over - 0 runs, 0 hits, 0 errors, 0 left on base; Syracuse 0 - Tidewater 0 |
| TOP OF THE 3RD |
|
Syracuse Chiefs batting - Pitching for Tidewater Tides : RHP Mike Boddicker
|
|
Batting: RHB Brian Asselstine
|
0-0: SOLO HOME RUN (Flyball, 7LD, EV 96.9 MPH), Distance : 365 ft
|
|
Batting: SHB Al Pardo
|
0-0: Ball 1-0: Foul Ball, location: 2F 1-1: Called Strike 1-2: Ball 2-2: Ground out 4-3 (Groundball, 4, EV 102.5 MPH)
|
|
Batting: SHB Larry Lintz
|
0-0: Called Strike 0-1: SINGLE (Groundball, 56D, EV 103.1 MPH)
|
|
Batting: RHB Phil Garner
|
0-0: Ball Larry Lintz is caught stealing 2nd base 2-4 1-0: Ball 2-0: Foul Ball, location: 2F 2-1: Foul Ball, location: 2F 2-2: SINGLE (Line Drive, 9S, EV 88.8 MPH)
|
|
Batting: LHB Steve Stroughter
|
0-0: Called Strike Phil Garner steals 2nd base 0-1: Ball 1-1: Foul Ball, location: 2F 1-2: Strikes out swinging, 2-3 out at first.
|
| Top of the 3rd over - 1 run, 3 hits, 0 errors, 1 left on base; Syracuse 1 - Tidewater 0 |
| BOTTOM OF THE 3RD |
|
Tidewater Tides batting - Pitching for Syracuse Chiefs : RHP Gary Gentry
|
|
Batting: RHB Thomas Walker
|
0-0: Ball 1-0: Foul Ball, location: 2F 1-1: Ball 2-1: Ball 3-1: Base on Balls
|
|
Batting: SHB Julio Valdez
|
0-0: Ball 1-0: Foul Ball, location: 2F 1-1: Fly out, F4 (Flyball, 3D, EV 90.6 MPH)
|
|
Batting: RHB Steve Liddle
|
0-0: Ball 1-0: Called Strike 1-1: Foul Ball, location: 2F 1-2: Ball 2-2: Ground out 6-3 (Groundball, 6, EV 102.5 MPH) Thomas Walker to second
|
|
Batting: RHB Anthony Lachowetz
|
0-0: Called Strike 0-1: Swinging Strike 0-2: Ball 1-2: Ball 2-2: Ball 3-2: Foul Ball, location: 2F 3-2: Foul Ball, location: 2F 3-2: Base on Balls
|
|
Batting: RHB German Rivera
|
0-0: Ball 1-0: Swinging Strike 1-1: SINGLE (Line Drive, 89M, EV 90.6 MPH) Thomas Walker to third Anthony Lachowetz to second Runner from 3rd tries for Home, SAFE, throw by CF to home
|
|
Batting: RHB Brad Komminsk
|
0-0: Ball 1-0: Foul Ball, location: 2F 1-1: Swinging Strike 1-2: Ball 2-2: Strikes out swinging
|
| Bottom of the 3rd over - 1 run, 1 hit, 0 errors, 2 left on base; Syracuse 1 - Tidewater 1 |
| TOP OF THE 4TH |
|
Syracuse Chiefs batting - Pitching for Tidewater Tides : RHP Mike Boddicker
|
|
Batting: RHB Jim G Wilson
|
0-0: Foul Ball, location: 2F 0-1: Foul Ball, location: 2F 0-2: Foul Ball, location: 2F 0-2: Ball 1-2: Ball 2-2: Fly out, F7 (Flyball, 7LS, EV 71.3 MPH)
|
|
Batting: LHB Darryl Strawberry
|
0-0: Ball 1-0: Ball 2-0: Ball 3-0: Called Strike 3-1: Foul Ball, location: 2F 3-2: SINGLE (Flyball, 3D, EV 95.0 MPH)
|
|
Batting: RHB Bobby Grich
|
0-0: Ball 1-0: Fielders Choice at 2nd, 3-6 (Groundball, 3, EV 76.9 MPH)
|
|
Batting: RHB Chris Speier
|
0-0: Called Strike 0-1: Ball 1-1: Ground out 1-3 (Groundball, 13S, EV 73.1 MPH)
|
| Top of the 4th over - 0 runs, 1 hit, 0 errors, 1 left on base; Syracuse 1 - Tidewater 1 |
| BOTTOM OF THE 4TH |
|
Tidewater Tides batting - Pitching for Syracuse Chiefs : RHP Gary Gentry
|
|
Batting: LHB Dave Kable
|
0-0: Ball 1-0: Ground out 3-1 (Groundball, 34S, EV 66.9 MPH)
|
|
Batting: RHB Mike Rex
|
0-0: Ball 1-0: Ball 2-0: Swinging Strike 2-1: Fly out, F9 (Line Drive, 9, EV 91.9 MPH)
|
|
Batting: RHB George Gomez
|
0-0: Ball 1-0: Swinging Strike 1-1: Ball 2-1: Ground out U3 (Groundball, 34S, EV 86.9 MPH)
|
| Bottom of the 4th over - 0 runs, 0 hits, 0 errors, 0 left on base; Syracuse 1 - Tidewater 1 |
| TOP OF THE 5TH |
|
Syracuse Chiefs batting - Pitching for Tidewater Tides : RHP Mike Boddicker
|
|
Batting: RHB Brian Asselstine
|
0-0: Foul Ball, location: 2F 0-1: Ball 1-1: Fly out, F7 (Flyball, 78D, EV 108.1 MPH)
|
|
Batting: SHB Al Pardo
|
0-0: Called Strike 0-1: Ground out 4-3 (Groundball, 4, EV 86.3 MPH)
|
|
Batting: SHB Larry Lintz
|
0-0: Foul Ball, location: 2F 0-1: Foul Ball, location: 2F 0-2: Ball 1-2: Ball 2-2: Ground out 6-3 (Groundball, 6, EV 89.4 MPH)
|
| Top of the 5th over - 0 runs, 0 hits, 0 errors, 0 left on base; Syracuse 1 - Tidewater 1 |
| BOTTOM OF THE 5TH |
|
Tidewater Tides batting - Pitching for Syracuse Chiefs : RHP Gary Gentry
|
|
Batting: RHB Thomas Walker
|
0-0: Called Strike 0-1: Swinging Strike 0-2: Ball 1-2: Ball 2-2: Fly out, F6 (Popup, 4MD, EV 49.4 MPH)
|
|
Batting: SHB Julio Valdez
|
0-0: Called Strike 0-1: Foul Ball, location: 2F 0-2: Ball 1-2: Ball 2-2: Ground out 5-3 (Groundball, 5, EV 76.3 MPH)
|
|
Batting: RHB Steve Liddle
|
0-0: Called Strike 0-1: Ball 1-1: Foul Ball, location: 2F 1-2: Foul Ball, location: 2F 1-2: Ball 2-2: Strikes out looking
|
| Bottom of the 5th over - 0 runs, 0 hits, 0 errors, 0 left on base; Syracuse 1 - Tidewater 1 |
| TOP OF THE 6TH |
|
Syracuse Chiefs batting - Pitching for Tidewater Tides : RHP Mike Boddicker
|
|
Batting: RHB Phil Garner
|
0-0: Called Strike 0-1: Ball 1-1: Ground out 5-3 (Groundball, 5L, EV 102.5 MPH)
|
|
Batting: LHB Steve Stroughter
|
0-0: Ball 1-0: Ball 2-0: Ball 3-0: Base on Balls
|
|
Batting: RHB Jim G Wilson
|
0-0: Ball Steve Stroughter is caught stealing 2nd base 2-4 1-0: Foul Ball, location: 2F 1-1: SINGLE (Line Drive, 56D, EV 102.5 MPH)
|
|
Batting: LHB Darryl Strawberry
|
0-0: Ball 1-0: Ball 2-0: Called Strike 2-1: Called Strike 2-2: Foul Ball, location: 2F 2-2: Foul Ball, location: 2F 2-2: Foul Ball, location: 2F 2-2: Foul Ball, location: 2F 2-2: Foul Ball, location: 2F 2-2: Foul Ball, location: 2F 2-2: Ground out 5-3 (Groundball, 56S, EV 84.4 MPH)
|
| Top of the 6th over - 0 runs, 1 hit, 0 errors, 1 left on base; Syracuse 1 - Tidewater 1 |
| BOTTOM OF THE 6TH |
|
Tidewater Tides batting - Pitching for Syracuse Chiefs : RHP Gary Gentry
|
|
Batting: RHB Anthony Lachowetz
|
0-0: Ball 1-0: Ball 2-0: Fly out, F8 (Line Drive, 8RD, EV 93.8 MPH)
|
|
Batting: RHB German Rivera
|
0-0: Swinging Strike 0-1: Ball 1-1: Ball 2-1: Ball 3-1: Fly out, F6 (Flyball, 56D, EV 72.5 MPH)
|
|
Batting: RHB Brad Komminsk
|
0-0: Ball 1-0: Ball 2-0: Called Strike 2-1: Fly out, F7 (Flyball, 7LS, EV 91.3 MPH)
|
| Bottom of the 6th over - 0 runs, 0 hits, 0 errors, 0 left on base; Syracuse 1 - Tidewater 1 |
| TOP OF THE 7TH |
|
Syracuse Chiefs batting - Pitching for Tidewater Tides : RHP Mike Boddicker
|
|
Batting: RHB Bobby Grich
|
0-0: Called Strike 0-1: Ball 1-1: Foul Ball, location: 2F 1-2: Foul Ball, location: 2F 1-2: Ball 2-2: Ball 3-2: Foul Ball, location: 2F 3-2: Strikes out swinging
|
|
Pitching: RHP Bill Long
|
|
|
Batting: RHB Chris Speier
|
0-0: Called Strike 0-1: Fly out, F9 (Flyball, 9D, EV 108.1 MPH)
|
|
Batting: RHB Brian Asselstine
|
0-0: Ball 1-0: Called Strike 1-1: Called Strike 1-2: Ball 2-2: Fly out, F7 (Flyball, 7S, EV 91.3 MPH)
|
| Top of the 7th over - 0 runs, 0 hits, 0 errors, 0 left on base; Syracuse 1 - Tidewater 1 |
| BOTTOM OF THE 7TH |
|
Tidewater Tides batting - Pitching for Syracuse Chiefs : RHP Gary Gentry
|
|
Batting: LHB Dave Kable
|
0-0: Ball 1-0: Foul Ball, location: 2F 1-1: Ball 2-1: Swinging Strike 2-2: Ball 3-2: Fly out, F6 (Popup, 15, EV 80.6 MPH)
|
|
Batting: RHB Mike Rex
|
0-0: Foul Ball, location: 2F 0-1: Called Strike 0-2: Ball 1-2: Foul Ball, location: 2F 1-2: Foul Ball, location: 2F 1-2: Foul Ball, location: 2F 1-2: Ball 2-2: Ball 3-2: Foul Ball, location: 2F 3-2: Foul Ball, location: 2F 3-2: SINGLE (Groundball, 4MD, EV 99.4 MPH)
|
|
Batting: RHB George Gomez
|
0-0: Called Strike 0-1: Called Strike Mike Rex steals 2nd base 0-2: Foul Ball, location: 2F 0-2: DOUBLE (Flyball, 8LXD, EV 88.8 MPH) Mike Rex scores
|
|
Batting: RHB Thomas Walker
|
0-0: Intentional Walk
|
|
Pitching: LHP Ray Newman
|
|
|
Batting: SHB Julio Valdez
|
0-0: Ball 1-0: Foul Ball, location: 2F 1-1: Called Strike 1-2: Foul Ball, location: 2F 1-2: Ball 2-2: Foul Ball, location: 2F 2-2: Strikes out swinging
|
|
Batting: RHB Steve Liddle
|
0-0: Called Strike 0-1: SINGLE (Groundball, 34D, EV 96.9 MPH) George Gomez to third Thomas Walker to second Runner from 3rd tries for Home, SAFE, throw by RF to home
|
|
Batting: RHB Anthony Lachowetz
|
0-0: Foul Ball, location: 2F 0-1: Called Strike 0-2: Fly out, F9 (Line Drive, 9, EV 105.6 MPH)
|
| Bottom of the 7th over - 2 runs, 3 hits, 0 errors, 2 left on base; Syracuse 1 - Tidewater 3 |
| TOP OF THE 8TH |
|
Syracuse Chiefs batting - Pitching for Tidewater Tides : RHP Bill Long
|
|
Now in RF: Juan Garcia
|
|
|
Batting: SHB Al Pardo
|
0-0: Ball 1-0: Ball 2-0: Called Strike 2-1: Fly out, F7 (Flyball, 7LD, EV 94.4 MPH)
|
|
Batting: SHB Larry Lintz
|
0-0: Ball 1-0: Called Strike 1-1: Foul Ball, location: 2F 1-2: Foul Ball, location: 2F 1-2: Fly out, F8 (Flyball, 78D, EV 89.4 MPH)
|
|
Batting: RHB Phil Garner
|
0-0: Ball 1-0: Ball 2-0: Foul Ball, location: 2F 2-1: SINGLE (Line Drive, 78M, EV 103.1 MPH)
|
|
Batting: LHB Steve Stroughter
|
0-0: Foul Ball, location: 2F 0-1: Ball 1-1: Ball 2-1: Foul Ball, location: 2F 2-2: SINGLE (Groundball, 56D, EV 100.6 MPH) Phil Garner to second
|
|
Batting: RHB Jim G Wilson
|
0-0: Ball 1-0: Called Strike 1-1: Ball 2-1: Foul Ball, location: 2F 2-2: Ball 3-2: Foul Ball, location: 2F 3-2: Strikes out swinging
|
| Top of the 8th over - 0 runs, 2 hits, 0 errors, 2 left on base; Syracuse 1 - Tidewater 3 |
| BOTTOM OF THE 8TH |
|
Tidewater Tides batting - Pitching for Syracuse Chiefs : LHP Ray Newman
|
|
Batting: RHB German Rivera
|
0-0: Called Strike 0-1: SINGLE (Line Drive, 8RS, EV 94.4 MPH)
|
|
Batting: RHB Brad Komminsk
|
0-0: Ball 1-0: Swinging Strike 1-1: Ball German Rivera steals 2nd base 2-1: Intentional Walk
|
|
Batting: LHB Dave Kable
|
0-0: Called Strike 0-1: Fielders Choice at 2nd, 4-6 (Groundball, 34, EV 88.1 MPH) German Rivera to third
|
|
Batting: RHB Mike Rex
|
0-0: Called Strike 0-1: DOUBLE (Line Drive, 8RD, EV 93.1 MPH) German Rivera scores Dave Kable to third Runner from 3rd tries for Home, SAFE, throw by CF to home
|
|
Batting: RHB Juan Garcia
|
0-0: Foul Ball, location: 2F Pickoff Throw to Second - Out! 0-1: Ball 1-1: Ground out 6-3 (Groundball, 56, EV 100.6 MPH)
|
| Bottom of the 8th over - 2 runs, 2 hits, 0 errors, 0 left on base; Syracuse 1 - Tidewater 5 |
| TOP OF THE 9TH |
|
Syracuse Chiefs batting - Pitching for Tidewater Tides : RHP Bill Long
|
|
Batting: LHB Darryl Strawberry
|
0-0: Ball 1-0: Called Strike 1-1: Called Strike 1-2: Ball 2-2: Ball 3-2: Fly out, F7 (Flyball, 7S, EV 93.1 MPH)
|
|
Batting: RHB Bobby Grich
|
0-0: Foul Ball, location: 2F 0-1: Ball 1-1: Called Strike 1-2: Strikes out looking
|
|
Batting: RHB Chris Speier
|
0-0: Ball 1-0: Fly out, F8 (Line Drive, 8RM, EV 93.1 MPH)
|
| Top of the 9th over - 0 runs, 0 hits, 0 errors, 0 left on base; Syracuse 1 - Tidewater 5 |
|